 Dungeon Crawl Stone Soup version 0.30-a0-782-ge64f9170bb (webtiles) character file.

Game seed: 6159606062837995594

14 Flugkiller the Cutter (level 2, 0/18 HPs)
             Began as a Deep Elf Chaos Knight on Feb 28, 2023.
             Was a Plaything of Xom.
             Slain by a kobold
             ... wielding a +0 club
              (4 damage)
             ... on level 1 of the Dungeon.
             The game lasted 00:00:34 (185 turns).

Flugkiller the Cutter (Deep Elf Chaos Knight)        Turns: 185, Time: 00:00:35

Health: 0/18       AC:  5    Str:  9    XL:     2   Next: 27%
Magic:  4/4        EV: 12    Int: 16    God:    Xom [..*...]
Gold:   20         SH:  0    Dex: 14    Spells: 1/1 levels left

rFire   . . .      SeeInvis .    a - +0 short sword (chaos)
rCold   . . .      Faith    .    (no shield)
rNeg    . . .      Spirit   .    b - +2 leather armour
rPois   .          Reflect  .    (no helmet)
rElec   .          Harm     .    (no cloak)
rCorr   .          Rampage  .    (no gloves)
Will    .....                    (no boots)
Stlth   +                        (no amulet)
HPRegen 0.23/turn                (no ring)
MPRegen 0.09/turn                (no ring)

@: no status effects
A: no striking features
a: Renounce Religion


You were on level 1 of the Dungeon.
You worshipped Xom.
You were a toy of Xom.
You visited 1 branch of the dungeon, and saw 1 of its levels.

You collected 20 gold pieces.

Inventory:

Hand Weapons
 a - a +0 short sword of chaos (weapon)
Armour
 b - a +2 leather armour (worn)
Scrolls
 d - a scroll of identify {unknown}
 e - a scroll of blinking {unknown}
 f - a scroll of vulnerability {unknown}
 g - a scroll of fear {unknown}
Miscellaneous
 c - a piece from Xom's chessboard (15/15) (quivered)


   Skills:
 + Level 2.6 Fighting
 + Level 3.2 Short Blades
 - Level 0.7 Armour
 + Level 2.7 Dodging
 + Level 1.1 Stealth


You had one spell level left.
You didn't know any spells.
Your spell library was empty.

Dungeon Overview and Level Annotations

Branches:
Dungeon (1/15) Zot: 5820

Altars:


Message History

You start resting.
HP restored.
You now have 5 gold pieces.
d - a scroll labelled BET DALYEBOU
e - a scroll labelled NOEFOT OTOZ
f - a scroll labelled HATHRUM ECHOVE You now have 20 gold pieces (gained 15).
Xom twists space around you.
Your surroundings suddenly seem different.
Your surroundings suddenly seem different.
Your surroundings suddenly seem different.
Your surroundings suddenly seem different.
A frilled lizard comes into view.
Found 5 stones and a scroll labelled NAESI ALAUDEEH.
The helpless frilled lizard fails to defend itself.
You puncture the frilled lizard!
You kill the frilled lizard!
No target in view!
No target in view!
No target in view!
No target in view!
No target in view!
No target in view!
No target in view!
No target in view!
No target in view!
A frilled lizard comes into view.
The frilled lizard hisses angrily.
A goblin comes into view. It is wielding a +0 dagger.
You barely miss the frilled lizard.
The frilled lizard bites you but does no damage.
You barely miss the frilled lizard.
You hit the frilled lizard but do no damage.
You drain the frilled lizard.
You kill the frilled lizard!
No target in view!
No target in view!
No target in view!
No target in view!
No target in view!
No target in view!
No target in view!
No target in view!
No target in view!
g - a scroll labelled NAESI ALAUDEEH The goblin shouts!
A goblin is nearby!
Found 9 gold pieces.
An endoplasm comes into view.
The endoplasm quivers.
You hit the goblin. You freeze the goblin.
The goblin is severely wounded.
The goblin hits you but does no damage.
You closely miss the goblin.
The goblin is severely wounded.
The goblin barely misses you.
You barely miss the goblin.
The goblin is severely wounded.
The goblin barely misses you.
You hit the goblin. You burn the goblin.
You kill the goblin!
The endoplasm closely misses you.
You hit the endoplasm but do no damage.
The endoplasm seems to slow down.
The endoplasm is no longer moving slowly.
The endoplasm completely misses you.
You see here a +0 dagger.
You hit the endoplasm but do no damage. The endoplasm barely misses you.
The endoplasm hits you but does no damage.
You hit the endoplasm but do no damage. The endoplasm misses you.
You hit the endoplasm but do no damage.
The endoplasm resists with some effort.
The endoplasm freezes you.
You are frozen.
You barely miss the endoplasm. The endoplasm misses you.
You barely miss the endoplasm. The endoplasm barely misses you.
You hit the endoplasm. You burn the endoplasm.
The endoplasm is heavily wounded.
The endoplasm freezes you.
You are frozen.
You are too injured to fight recklessly!
You are too injured to fight recklessly!
You are too injured to fight recklessly!
You are too injured to fight recklessly!
You are too injured to fight recklessly!
You hit the endoplasm.
You kill the endoplasm!
A kobold comes into view. It is wielding a +0 club.
The kobold shouts!
You hit the kobold but do no damage.
The kobold goes berserk!
Xom thinks this is hilarious!
The kobold closely misses you.
You hit the kobold but do no damage. The kobold hits you with a +0 club.
You completely miss the kobold. The kobold hits you with a +0 club.
* * * LOW HITPOINT WARNING * * *
The kobold misses you.
You are too injured to fight recklessly!
You hit the kobold.
The kobold is moderately wounded.
The kobold hits you with a +0 club.
You die... "It was about time."

#.#...... .#### .#.....# #...#
......# #...# ..... #...#
##.#.# ###...#
#..#.###.....#####
####...)............. .
...........K##...######.#
#.........@###..†##.....#
....$..####.###...#......#
...............(..........
#####....###...#..###.###.....#
.........#####..... #.. ..#.#
......$.#.###.#.......# ...
........#.....###.##... ###
......###.#.#.###...#..
......#.........###.#..


You could see a kobold (berserk).

Vanquished Creatures
  2 endoplasms (D:1)
  A goblin (D:1)
  2 hobgoblins (D:1)
  4 jackals (D:1)
  2 frilled lizards (D:1)
11 creatures vanquished.

Notes
Turn   | Place    | Note
-------+----------+-------------------------------------------
     0 | D:1      | Flugkiller the Deep Elf Chaos Knight began the quest for
                  | the Orb.
     0 | D:1      | Reached XP level 1. HP: 13/13 MP: 3/3
    78 | D:1      | Reached skill level 1 in Stealth
    78 | D:1      | Reached XP level 2. HP: 10/18 MP: 4/4
   149 | D:1      | XOM: 4-stop teleportation journey
   185 | D:1      | Slain by a kobold

Illustrated notes

Levels and vault maps discovered:
D:1:      roderic_chinese_lattice_arrival, layout_rooms, grunt_decor_resistance,
          minmay_pentomino_s2

Skill      XL: |  1 |
---------------+----+-----
Stealth        | 1 |  1.1
Fighting       | |  2.6
Short Blades   | |  3.2
Armour         | |  0.7
Dodging        | |  2.7

Action                     || total
---------------------------++-------
  Melee: Short sword       ||    50
   Stab: Sleeping          ||     1
 Armour: Leather armour    ||    17
  Dodge: Dodged            ||    41

Table legend: (Time is in decaauts)
 A = Elapsed time spent in this place.
 B = Non-inter-level travel time spent in this place.
 C = Inter-level travel time spent in this place.
 D = Time resting spent in this place.
 E = Time spent auto-exploring this place.
 F = Levels seen in this place.
 G = Mean time per level.
                   A        B        C        D        E       F      G
               +--------+--------+--------+--------+--------+-----+--------+
         Total |    178 |    178 |      0 |     56 |     48 |   1 |  178.0 |
       Dungeon |    178 |    178 |      0 |     56 |     48 |   1 |  178.0 |
               +--------+--------+--------+--------+--------+-----+--------+

Top non-repeatable levels by time:
     D:1: 178 daAuts
